 Dungeon Crawl Stone Soup version 0.19.1-1-g22dce08 (webtiles) character file.

311 galech the Cudgeler (level 6, 0/61 HPs)
             Began as a Troll Fighter on Jan 5, 2017.
             Slain by an adder (2 damage)
             ... on level 4 of the Dungeon.
             The game lasted 00:05:10 (2684 turns).

galech the Cudgeler (Troll Fighter)                 Turns: 2684, Time: 00:05:10

Health: 0/61       AC:  7    Str: 27    XL:     6   Next: 18%
Magic:  5/5        EV:  9    Int:  4    God:
Gold:   262        SH: 11    Dex:  9    Spells: 0 memorised, 5 levels left

rFire  + . .     SeeInvis .     a - +0 flail
rCold  . . .     Gourm    +     b - +0 robe
rNeg   . . .     Faith    .     m - +2 shield {rF+}
rPois  .         Spirit   .     (helmet restricted)
rElec  .         Reflect  .     i - +1 cloak {MR+}
rCorr  .         Harm     .     (gloves unavailable)
MR     +....                    (boots unavailable)
Stlth  +.........               p - amulet of rage
                                (no ring)
                                o - ring of wizardry

@: lethally poisoned (0 -> -2), about to teleport
A: unfitting armour, claws 3, fast metabolism 3, gourmand, regeneration 1,
shaggy fur 1, tough skin 2
a: Evoke Berserk Rage


You were on level 4 of the Dungeon.
You were completely stuffed.

You visited 1 branch of the dungeon, and saw 4 of its levels.

You collected 262 gold pieces.

Inventory:

Hand Weapons
 a - a +0 flail (weapon)
Armour
 b - a +0 robe (worn)
 i - a +1 cloak of magic resistance (worn)
 m - a +2 shield of fire resistance (worn)
Jewellery
 o - a ring of wizardry (left claw)
 p - an amulet of rage (around neck)
Scrolls
 c - a scroll of noise {unknown}
 e - 2 scrolls of amnesia {unknown}
 h - 2 scrolls of teleportation
 n - 2 scrolls of remove curse {unknown}
 r - a scroll of identify {unknown}
 t - 3 scrolls of fear {unknown}
Potions
 d - a potion of might
 g - a potion of curing {unknown}
 l - 2 potions of agility {unknown}
 q - a potion of berserk rage {unknown}
 s - a potion of heal wounds {unknown}
 u - a potion of degeneration {unknown}
 v - a potion of lignification {unknown}
 w - a potion of flight {unknown}
Comestibles
 f - 5 bread rations
 j - 2 fruits
 k - 2 royal jellies


   Skills:
 + Level 3.1 Fighting
 + Level 4.1 Maces & Flails
 + Level 3.2 Dodging
 + Level 0.2 Stealth
 + Level 3.4 Shields


You had 5 spell levels left.
You didn't know any spells.

Dungeon Overview and Level Annotations

Branches:
Dungeon (4/15)
 Temple: D:4-7

Altars:


Innate Abilities, Weirdness & Mutations

You are too large for most types of armour.
You have claws for hands.
Your metabolism is lightning-fast.
You like to eat raw meat.
Your natural rate of healing is unusually fast.
You are covered in fur. (AC +1)
You have very tough skin. (AC +2)


Message History

You are more poisoned.
The adder poisons you! You block the gnoll's attack.
The gnoll hits you with a halberd.
* * * LOW HITPOINT WARNING * * *
The worker ant bites you but does no damage.
The gnoll moves out of view.
You block the adder's attack.
As you read the scroll labeled PEGEUQOJIE, it crumbles to dust.
You feel strangely unstable.
It was a scroll of teleportation.
You feel sick. The worker ant barely misses you. You block the gnoll's attack.
You block the adder's attack. The gnoll hits you but does no damage.
You block the worker ant's attack.
Okay, then.
You closely miss the adder.
You feel sick. The adder completely misses you. You block the gnoll's attack.
The gnoll hits you with a halberd!
* * * LOW HITPOINT WARNING * * *
The worker ant misses you. The adder barely misses you.
You miss the adder.
* * * LOW HITPOINT WARNING * * *
You feel sick. You block the worker ant's attack. The adder bites you.
You die...

#..###.............
##.###............
#..##..........#
##O##..........#
#o.#..........#
##h#..........####
#o##.#..........#
#a##.#..........#
#S@#.#..........#
##g#.#....#########
#g..#....# #<#
.....g#..#....# #.#
.....g#..#....# #.#
........>#....### #.#
......####......#####.#
#.....................#
..#########.....#######


You could see an ogre, a howler monkey, a worker ant, 4 gnolls, an adder and 2
orcs.

Vanquished Creatures
  A howler monkey (D:4)
  An orc priest (D:3)
  A hound (D:4)
  A centaur skeleton (D:4)
  A worker ant (D:4)
  Ijyb (D:3)
  A hound skeleton (D:3)
  3 gnolls (D:2)
  4 adders
  An ooze (D:1)
  A worm (D:2)
  A dart slug (D:1)
  A leopard gecko (D:2)
  4 orcs (D:3)
  8 bats
  4 giant cockroaches
  4 goblins
  A hobgoblin (D:2)
  2 quokkas
  3 ball pythons
  3 frilled lizards
  8 kobolds
  10 rats
65 creatures vanquished.

Notes
Turn   | Place    | Note
-------+----------+-------------------------------------------
     0 | D:1      | galech the Troll Fighter began the quest for the Orb.
     0 | D:1      | Reached XP level 1. HP: 22/22 MP: 0/0
     0 | D:1      | Noticed an ogre
     0 | D:1      | Noticed a merfolk zombie
     3 | D:1      | Noticed a dwarf
    12 | D:1      | Noticed a human
    13 | D:1      | Noticed a formicid
   180 | D:1      | Reached skill level 2 in Maces & Flails
   180 | D:1      | Reached XP level 2. HP: 29/29 MP: 1/1
   867 | D:2      | Reached XP level 3. HP: 18/36 MP: 2/2
   967 | D:2      | Reached XP level 4. HP: 15/44 MP: 3/3
  1932 | D:3      | Reached skill level 3 in Maces & Flails
  1944 | D:3      | Noticed Ijyb
  1960 | D:3      | Killed Ijyb
  1960 | D:3      | Reached XP level 5. HP: 45/53 MP: 4/4
  2649 | D:4      | Noticed an ogre
  2669 | D:4      | Reached skill level 4 in Maces & Flails
  2669 | D:4      | Reached XP level 6. HP: 45/61 MP: 5/5
  2683 | D:4      | HP: 2/61 [gnoll/halberd (11)]
  2684 | D:4      | Slain by an adder

Skill      XL: |  1  2  3  4  5 |
---------------+----------------+-----
Maces & Flails | 2 3 4 |  4.1
Shields        | 3 |  3.4
Fighting       | 3 |  3.1
Dodging        | 3 |  3.2
Stealth        | |  0.2

Action                   |  1- 3 |  4- 6 || total
-------------------------+-------+-------++-------
Melee: Flail             |   103 |   182 ||   285
  Use: Scroll            |       |     1 ||     1
  Eat: Chunk             |    14 |    17 ||    31
Armor: Robe              |    42 |    76 ||   118
Dodge: Dodged            |    45 |    81 ||   126
Block: Shield            |    65 |   143 ||   208
